 Dungeon Crawl Stone Soup version 0.24.0-13-gcf9b3192b9 (webtiles) character file.

Game seed: 11601988288829002379, levelgen mode: deterministic

590529 bl3nd3r the Axe Maniac (level 26, -7/266 HPs)
             Began as a Minotaur Berserker on Nov 8, 2019.
             Was a High Priest of Trog.
             Mangled by an Orb Guardian (23 damage)
             ... on level 5 of the Realm of Zot on Nov 9, 2019.
             The game lasted 04:11:36 (68429 turns).

bl3nd3r the Axe Maniac (Minotaur Berserker)        Turns: 68429, Time: 04:11:36

Health: -7/266     AC: 44    Str: 38      XL:     26   Next: 20%
Magic:  22/22      EV: 21    Int:  8      God:    Trog [*****.]
Gold:   775        SH:  0    Dex: 18 (19) Spells: 25/25 levels left

rFire    + + .     SeeInvis +   a - +8 battleaxe "Siysawui" {vamp, *Slow MR++ SInv}
rCold    + + .     Gourm    .   (shield currently unavailable)
rNeg     + . .     Faith    .   K - +9 gold dragon scales
rPois    +         Spirit   .   W - +2 hat {SInv}
rElec    +         Reflect  .   Q - scarf {rC+ rF+}
rCorr    +         Harm     .   r - +2 pair of gloves {Str+3}
MR       +++++                  m - +0 pair of boots "Cam Booxa" {Str+8 Stlth+}
Stlth    ..........             R - amulet "Wazousk" {Regen+ Int+3 Dex+4}
HPRegen  1.94/turn              M - ring of Dishonesty {rN+ MR+}
MPRegen  0.18/turn              Z - ring "Ajop" {rElec rCorr Int+3}

@: lethally poisoned (-7 -> -7), regenerating
A: retaliatory headbutt, horns 2, clumsy 1, deterioration 1, dopey 1
}: 3/15 runes: decaying, silver, gossamer
a: Berserk, Trog's Hand, Brothers in Arms, Renounce Religion


You were on level 5 of the Realm of Zot.
You worshipped Trog.
Trog was extremely pleased with you.
You were near starving.

You visited 8 branches of the dungeon, and saw 46 of its levels.
You also visited: Ossuary, Ice Cave and Wizlab.

You collected 7626 gold pieces.
You spent 6851 gold pieces at shops.

Inventory:

Hand Weapons
 a - the +8 battleaxe "Siysawui" (weapon) {vamp, *Slow MR++ SInv}
   (You took it off a tengu warrior on level 10 of the Dungeon)

   It inflicts no extra harm, but heals its wielder when it wounds a living foe.
   It affects your resistance to hostile enchantments.
   It lets you see invisible.
   It may slow you when you take damage.
 b - the +7 mace "Azeser Fint" {freeze, rPois rF+}
   (You found it in a wizard's laboratory)

   It has been specially enchanted to freeze those struck by it, causing extra
   injury to most foes and up to half again as much damage against particularly
   susceptible opponents.
   It can also slow down cold-blooded creatures.
   It protects you from fire.
   It protects you from poison.
 I - a +3 antimagic executioner's axe
Missiles
 t - 26 silver javelins (quivered)
Armour
 i - the +1 cloak of Starlight {rElec rC+ EV+4 Stlth--}
   (You found it on level 5 of the Vaults)

   It affects your evasion (+4).
   It protects you from cold.
   It insulates you from electricity.
   It makes you much less stealthy.
 m - the +0 pair of boots "Cam Booxa" (worn) {Str+8 Stlth+}
   (You found it on level 5 of the Vaults)

   It affects your strength (+8).
   It makes you more stealthy.
 r - a +2 pair of gloves of strength (worn)
 K - +9 gold dragon scales (worn)
 Q - a scarf of resistance (worn)
 W - a +2 hat of see invisible (worn)
Jewellery
 h - the ring "Yptohysk" {*Tele Str+3}
   (You took it off a death knight on level 5 of the Vaults)

   [ring of teleportation]

   It may teleport you next to monsters.
   It affects your strength (+3).
 u - an uncursed amulet of the acrobat
 E - the ring "Luida" {Wiz rN+ Dex+4 Slay-3}
   (You found it in a wizard's laboratory)

   [ring of wizardry]

   It improves your spell success rate.
   It affects your dexterity (+4).
   It affects your accuracy and damage with ranged weapons and melee attacks
   (-3).
   It protects you from negative energy.
 M - the ring of Dishonesty (left hand) {rN+ MR+}
   (You took it off a spriggan rider on level 15 of the Dungeon)

   [ring of protection from magic]

   It protects you from negative energy.
   It affects your resistance to hostile enchantments.
 O - the ring "Soudok" {rF+ MR+}
   (You took it off a boggart on level 15 of the Dungeon)

   [ring of protection from fire]

   It protects you from fire.
   It affects your resistance to hostile enchantments.
 R - the amulet "Wazousk" (around neck) {Regen+ Int+3 Dex+4}
   (You bought it in a shop on level 1 of the Depths)

   [amulet of regeneration]

   It affects your intelligence (+3).
   It affects your dexterity (+4).
   It increases your rate of regeneration.
 S - the ring of Olitt {MP+9 Str+6 Slay+3}
   (You found it on level 5 of the Vaults)

   [ring of strength]

   It affects your strength (+6).
   It affects your accuracy and damage with ranged weapons and melee attacks
   (+3).
   It affects your magic capacity (+9).
 V - an uncursed ring of protection from cold
 Z - the ring "Ajop" (right hand) {rElec rCorr Int+3}
   (You found it on level 4 of the Spider Nest)

   [ring of resist corrosion]

   It affects your intelligence (+3).
   It insulates you from electricity.
   It provides partial protection from all sources of acid and corrosion.
Wands
 f - a wand of enslavement (10)
 x - a wand of digging (10)
 y - a wand of acid (19)
 D - a wand of iceblast (61)
 J - a wand of clouds (8)
Scrolls
 d - 2 scrolls of silence
 g - 6 scrolls of identify
 j - 15 scrolls of remove curse
 o - 11 scrolls of enchant weapon
 p - 3 scrolls of noise
 v - 3 scrolls of blinking
 w - 3 scrolls of torment
 F - 3 scrolls of magic mapping
 G - 4 scrolls of summoning
 N - a scroll of fear
 P - 11 scrolls of fog
 T - 17 scrolls of teleportation
Potions
 e - 21 potions of curing
 k - 12 potions of might
 l - 3 potions of cancellation
 n - a potion of heal wounds
 q - a potion of haste
 s - 7 potions of ambrosia
 z - 5 potions of mutation
 A - 4 potions of flight
 B - 5 potions of brilliance
 C - 3 potions of lignification
 H - 3 potions of invisibility
 L - 12 potions of agility
 X - 2 potions of resistance
Comestibles
 c - 45 rations


   Skills:
 O Level 27 Fighting
 O Level 27 Axes
 O Level 27 Armour
 * Level 18.4 Dodging
 + Level 11.4 Stealth
   Level 4.1 Shields


You had 25 spell levels left.
You didn't know any spells.
Your spell library was empty.

Dungeon Overview and Level Annotations

Branches:
Dungeon (15/15)            Temple (0/1) D:5            Lair (6/6) D:10
  Swamp (4/4) Lair:3       Spider (4/4) Lair:4        Slime (0/5) Lair:6
    Orc (2/2) D:12            Elf (0/3) Orc:2        Vaults (5/5) D:14
  Crypt (0/3) Vaults:2     Depths (5/5) D:15            Zot (5/5) Depths:5
Ossuary (visited)           IceCv (visited)          WizLab (visited)

Altars:
Cheibriados
Dithmenos
Fedhas
Gozag
Makhleb
Nemelex Xobeh
Qazlal
Ru
Trog
Vehumet
Wu Jian
Xom
Yredelemnul
The Shining One
Beogh
Jiyva

Shops:
D:7 :   D:14 (?   Orc:2 [[((   Vaults:3 *   Vaults:4 *   Depths:1 }}=%

Portals:
Hell: Depths:1 Depths:2 Depths:3 Depths:4 Depths:5
Abyss: Depths:4
Pandemonium: Depths:3
Ziggurat: Depths:3


Innate Abilities, Weirdness & Mutations

You reflexively headbutt those who attack you in melee.
You have a pair of horns on your head.
You are clumsy. (Dex -2)
Your body sometimes deteriorates upon taking damage.
You are dopey. (Int -2)


Message History

You hear a shout!
The ancient lich closely misses you.
The tentacled monstrosity tentacle-slaps you but does no damage. x2
The tentacled monstrosity completely misses you.
The tentacled monstrosity barely misses you.
You're too hungry.
You slash the ancient lich! You headbutt the ancient lich!
The ancient lich is almost destroyed.
You slice the Orb Guardian!! You slice the tentacled monstrosity!!
You barely miss the green draconian.
The Orb Guardian is engulfed in poison gas.
The Orb Guardian looks even sicker.
The Orb Guardian hits you!!
* * * LOW HITPOINT WARNING * * *
Your body deteriorates!
You feel clumsy. The green draconian misses you. You furiously retaliate!
You headbutt the green draconian.
The green draconian tail-slaps you but does no damage.
The Orb Guardian is engulfed in poison gas.
The Orb Guardian looks even sicker.
The Orb Guardian hits you!!
You die...

**,,,,............## *#...^..
**,,,,,.............## #......
*,,,,,,..............# ##.....
*,,,,,,...........^..# #.....
*,.^...^^............# *#..)..
*,............^......# #^....^
*,...........°°°.....# *#......
*,....:......dX°.....#*#.......
**...........L@°§...##*...#####
*#.........☼X§°°..##,,,.#*
*#........☼○○○§..^^.,***
*▓?...T##▓▓▓▓▓▓▓▓▓▓**
*▓......§........▓▓▓*
*▓....^.§...§........▓#*
**.........§§.§........^**
*,........§§.§..........,* ****
*,^.....T..§..X8........,***,,,


You could see a tentacled monstrosity, an ancient lich (invisible), a green
draconian, an Orb Guardian (berserk) and a friendly iron troll (berserk).

Vanquished Creatures
  An orb of fire (Zot:2)
  An ancient lich (Zot:5)
  3 juggernauts
  Saint Roka (Depths:2)
  Bai Suzhen (Spider:3)
  3 curse toes
  7 golden dragons
  Nikola (Depths:2)
  An Ice Fiend (IceCv)
  A moon troll (WizLab)
  15 tentacled monstrosities
  10 Orb Guardians (Zot:5)
  3 liches
  Asterion (Spider:2)
  9 quicksilver dragons
  8 death cobs
  6 titans
  8 tentacled starspawn (WizLab)
  Agnes (Spider:4)
  3 sphinxes
  6 draconian monks
  4 thorn hunters
  The ghost of Detar the Severer, an adept HOFi of Beogh (Spider:4)
  7 storm dragons
  8 tengu reavers
  Roxanne (D:14)
  8 shadow dragons
  5 fire giants
  3 draconian knights
  2 deep elf sorcerers
  13 frost giants
  An iron dragon (D:15)
  5 ghost moths
  A balrug (Depths:4)
  13 vault wardens
  Aizul (Spider:2)
  Louise (Swamp:1)
  2 cacodemons (WizLab)
  7 emperor scorpions
  2 draconian shifters
  18 ironheart preservers
  A deep elf elementalist (Depths:2)
  4 draconian stormcallers
  5 war gargoyles
  A draconian annihilator (Zot:1)
  21 very ugly things
  27 stone giants
  11 entropy weavers
  2 vampire knights
  7 deep elf demonologists
  6 black draconians
  8 green draconians
  Azrael (Orc:2)
  8 white draconians
  5 purple draconians
  4 red draconians
  2 deep elf annihilators
  A blizzard demon (Depths:4)
  2 deep elf death magi
  11 spark wasps
  An eidolon (Vaults:2)
  Snorg (Lair:3)
  2 yellow draconians
  18 ettins
  A quicksilver dragon zombie (Depths:1)
  A jiangshi (Vaults:2)
  Josephine (D:14)
  20 yaktaur captains
  A green death (Depths:4)
  The ghost of Jatjacob the Carver, a journeyman MiBe of Trog (D:10)
  3 great orbs of eyes
  3 deep elf high priests
  Fannar (Lair:3)
  13 ice dragons
  16 fire dragons
  4 rakshasas
  27 hydras
  A shambling mangrove (Swamp:3)
  Harold (Orc:1)
  34 vault guards
  4 spriggan air magi
  15 centaur warriors
  2 death knights
  11 deep troll earth magi
  5 death yaks
  A two-headed ogre (shapeshifter) (Depths:4)
  50 two-headed ogres
  2 dancing weapons (Vaults:5)
  Erica (D:11)
  A queen ant (Spider:2)
  15 ogre magi
  9 tengu warriors
  10 deep troll shamans
  13 alligators
  2 orc high priests (Orc:2)
  5 spriggan berserkers
  Nergalle (D:11)
  Sonja (Lair:3)
  2 wretched stars (WizLab)
  6 deep elf knights
  16 hell knights
  4 skeletal warriors
  3 iron trolls
  A fire crab (shapeshifter) (Vaults:1)
  A shadow wraith (Vaults:2)
  A golden dragon zombie (Depths:2)
  5 unseen horrors
  A storm dragon skeleton (Depths:1)
  9 swamp dragons
  3 wizards
  2 flayed ghosts
  14 glowing orange brains
  4 deep elf archers
  16 deep trolls
  An orange crystal statue (WizLab)
  2 lindwurms (Lair:6)
  3 harpies (Vaults:4)
  11 ironbrand convokers
  9 necromancers
  An orb spider (shapeshifter) (Depths:3)
  A fire giant zombie (Depths:2)
  32 wolf spiders
  A harpy (shapeshifter) (Depths:1)
  5 phantasmal warriors
  43 ugly things
  3 manticores
  48 deep elf magi
  6 orc sorcerers
  14 orb spiders
  10 cyclopes
  11 orc knights
  A sphinx skeleton (Depths:2)
  A cyclops (shapeshifter) (Vaults:5)
  A stone giant skeleton (Depths:1)
  A frost giant zombie (Vaults:3)
  25 moths of wrath
  A fire giant skeleton (Depths:2)
  4 black mambas
  13 vault sentinels
  3 centaur zombies
  8 elephants
  A salamander (Depths:4)
  2 guardian serpents (D:15)
  7 eyes of devastation (WizLab)
  A smoke demon (Depths:4)
  Psyche (D:12)
  13 spiny frogs
  An orange demon (Depths:4)
  An ice statue (IceCv)
  6 torpor snails
  A gargoyle (D:15)
  7 komodo dragons
  A yaktaur zombie (Depths:1)
  7 kobold demonologists
  5 ice devils (IceCv)
  2 rime drakes (Lair:2)
  3 human zombies (Vaults:3)
  70 yaktaurs
  2 hellwings (Depths:4)
  11 freezing wraiths
  21 demonic crawlers
  2 anaconda simulacra (IceCv)
  A golden dragon simulacrum (IceCv)
  29 jumping spiders
  2 tengu conjurers
  A tyrant leech (shapeshifter) (Vaults:5)
  6 trolls
  A wolf spider simulacrum (IceCv)
  24 hornets
  Prince Ribbit (D:5)
  11 tyrant leeches
  7 hippogriffs
  29 slime creatures
  2 dream sheep (Lair:6)
  2 fire giant simulacra (Depths:1)
  An ettin zombie (Depths:1)
  A meliai zombie (D:15)
  9 bog bodies
  An ice dragon zombie (Depths:1)
  A frost giant simulacrum (Depths:1)
  A deep troll skeleton (Depths:1)
  A fire dragon skeleton (Depths:1)
  84 redbacks
  4 shadows
  4 spriggans
  4 dire elephant simulacra (IceCv)
  3 wyverns
  2 spriggans (shapeshifter)
  7 water elementals
  44 yaks
  21 tarantellas
  A wyvern (shapeshifter) (Vaults:5)
  A ynoxinul (Depths:4)
  6 wraiths
  5 golden eyes (WizLab)
  Eustachio (D:5)
  2 fire elementals (Orc:2)
  A basilisk (shapeshifter) (Vaults:2)
  A hungry ghost (D:13)
  3 basilisks
  2 neqoxecs (WizLab)
  8 wargs
  19 vampire mosquitoes
  4 soldier ants
  9 insubstantial wisps
  2 harpy simulacra (IceCv)
  11 swamp worms
  5 hydra simulacra (IceCv)
  11 water moccasins
  2 hell hounds (Orc:2)
  11 porcupines
  5 floating eyes
  7 ice beasts
  42 orc warriors
  8 sky beasts
  An eye of draining (shapeshifter) (D:15)
  2 black bears (shapeshifter)
  A meliai simulacrum (D:15)
  17 swamp drakes
  An eye of draining (D:11)
  A necrophage (D:11)
  19 boggarts
  25 centaurs
  36 ogres
  2 phantoms
  38 wolves
  9 crocodiles
  4 big kobolds
  A gnoll sergeant (D:7)
  13 bullfrogs
  3 wyvern zombies
  4 scorpions
  An elephant simulacrum (IceCv)
  10 killer bees
  4 human simulacra
  11 wights
  An electric eel (Spider:2)
  11 howler monkeys
  8 crimson imps
  3 draconian simulacra (IceCv)
  3 bullfrog zombies
  16 starcursed masses (WizLab)
  12 hounds
  5 jellies
  16 orc priests
  5 centaur skeletons
  An iron imp (Depths:1)
  Jessica (D:2)
  4 iguanas
  19 worker ants
  25 orc wizards
  3 troll simulacra (IceCv)
  A wolf simulacrum (IceCv)
  A big kobold zombie (Ossuary)
  3 centaur simulacra
  A hound skeleton (D:5)
  8 mummies (Ossuary)
  10 gnolls
  6 adders
  3 naga simulacra (IceCv)
  2 worker ant zombies
  2 ogre simulacra (IceCv)
  3 shadow imps
  6 white imps (IceCv)
  2 ufetubi (IceCv)
  An ooze (D:7)
  2 adder skeletons
  An adder zombie (D:5)
  A worm (D:2)
  3 dart slugs
  4 leopard geckos
  76 orcs
  A bat zombie (D:2)
  4 giant cockroaches
  3 gnoll zombies (Ossuary)
  6 goblins
  14 hobgoblins
  12 jackals
  5 quokkas
  3 ball pythons
  11 bats
  6 frilled lizards
  A giant cockroach zombie (D:5)
  3 hobgoblin zombies (Ossuary)
  2 jackal skeletons
  33 kobolds
  A kobold zombie (Ossuary)
  7 rats
  A crawling corpse (Depths:2)
  4 fungi
  A plant (Vaults:3)
  11 starspawn tentacles (WizLab)
2202 creatures vanquished.

Vanquished Creatures (collateral kills)
  A Killer Klown (Zot:5)
  Xtahua (Vaults:4)
  2 golden dragons (Depths:5)
  Arachne (Spider:2)
  Gastronok (D:8)
  A fire giant (Vaults:4)
  A deep elf sorcerer (Vaults:4)
  A purple draconian (Depths:5)
  A spark wasp (Depths:5)
  A deep elf death mage (Vaults:4)
  A yaktaur captain (Depths:5)
  A hydra (Swamp:4)
  2 ice dragons (Depths:5)
  2 two-headed ogres (Vaults:3)
  A catoblepas (Lair:6)
  A shambling mangrove (Swamp:4)
  An ogre mage (Vaults:3)
  A death knight (D:14)
  A death yak (Lair:6)
  2 orc high priests (Orc:2)
  2 deep trolls (Depths:4)
  A swamp dragon (Swamp:4)
  An orc knight (Orc:2)
  An orc sorcerer (Orc:2)
  5 deep elf magi
  A manticore (Lair:6)
  A torpor snail (Lair:6)
  An eye of devastation (WizLab)
  A spiny frog (Lair:6)
  A demonic crawler (Spider:2)
  A tengu conjurer (D:14)
  6 yaktaurs
  2 jumping spiders (Spider:2)
  A hornet (Spider:2)
  A redback (Spider:4)
  2 wraiths (D:14)
  A water elemental (Depths:5)
  A harpy simulacrum (IceCv)
  3 orc warriors (Orc:2)
  A sky beast (D:14)
  A crocodile (D:14)
  An orc wizard (Orc:2)
  An orc priest (Orc:2)
  A polar bear simulacrum (IceCv)
  A wolf simulacrum (IceCv)
63 creatures vanquished.

Vanquished Creatures (others)
  A fire giant (Depths:2)
  An ettin (Depths:2)
  An ogre mage (Depths:2)
  A torpor snail (Spider:3)
  An orange demon (Depths:4)
  A jumping spider (Spider:3)
  An orc warrior (Depths:2)
  An orc wizard (Depths:2)
  An orc (Depths:2)
  2 briar patches (Swamp:4)
  2 demonic plants (WizLab)
  6 fungi
  3 plants
  6 starspawn tentacles (WizLab)
28 creatures vanquished.

Grand Total: 2293 creatures vanquished

Notes
Turn   | Place    | Note
-------+----------+-------------------------------------------
     0 | D:1      | bl3nd3r the Minotaur Berserker began the quest for the Orb.
     0 | D:1      | Reached XP level 1. HP: 19/19 MP: 0/0
   129 | D:1      | Reached XP level 2. HP: 18/26 MP: 1/1
   714 | D:2      | Reached skill level 5 in Axes
   732 | D:2      | Reached XP level 3. HP: 24/31 MP: 2/2
  1037 | D:2      | Reached ** piety under Trog
  1099 | D:2      | Reached XP level 4. HP: 32/39 MP: 3/3
  1260 | D:2      | Found a snail-covered altar of Cheibriados.
  1382 | D:2      | Noticed Jessica
  1387 | D:2      | Killed Jessica
  1558 | D:2      | Reached XP level 5. HP: 45/45 MP: 4/4
  2076 | D:3      | Found an opulent altar of Gozag.
  2209 | D:3      | Reached *** piety under Trog
  2659 | D:3      | Found a sparkling altar of Nemelex Xobeh.
  2664 | D:3      | Found a basalt altar of Yredelemnul.
  2665 | D:3      | Found a burning altar of Makhleb.
  2666 | D:3      | Found a stormy altar of Qazlal.
  2667 | D:3      | Found a sacrificial altar of Ru.
  2669 | D:3      | Found a shadowy altar of Dithmenos.
  2670 | D:3      | Found a shimmering altar of Xom.
  2869 | D:4      | Reached XP level 6. HP: 39/51 MP: 5/5
  3558 | D:5      | Entered Level 5 of the Dungeon
  3558 | D:5      | Noticed an ice beast
  3558 | D:5      | Noticed an ice beast
  3560 | D:5      | Found a sand-covered staircase.
  3565 | D:5      | Killed an ice beast
  3565 | D:5      | Reached XP level 7. HP: 57/57 MP: 6/6
  3569 | D:5      | Reached skill level 10 in Axes
  3610 | Ossuary  | Entered an ossuary
  3825 | Ossuary  | Reached skill level 1 in Shields
  4246 | D:5      | Reached **** piety under Trog
  4344 | D:5      | Reached XP level 8. HP: 49/64 MP: 7/7
  4507 | D:5      | Noticed Prince Ribbit
  4515 | D:5      | Killed Prince Ribbit
  4683 | D:5      | Found a staircase to the Ecumenical Temple.
  4773 | D:5      | Found a radiant altar of Vehumet.
  4773 | D:5      | Found a glowing golden altar of the Shining One.
  4926 | D:5      | Noticed Eustachio
  4942 | D:5      | Killed Eustachio
  5362 | D:6      | Reached skill level 5 in Fighting
  5466 | D:6      | Reached XP level 9. HP: 74/74 MP: 8/8
  6718 | D:7      | Found Munkas Ibli's Book Shoppe.
  7119 | D:7      | Found an ornate altar of the Wu Jian Council.
  7165 | D:8      | Reached skill level 5 in Armour
  7179 | D:8      | Noticed Gastronok
  7190 | D:8      | Killed Gastronok
  7190 | D:8      | Reached skill level 5 in Dodging
  7190 | D:8      | Reached XP level 10. HP: 89/89 MP: 9/9
  8170 | D:9      | Reached ***** piety under Trog
  8709 | D:9      | Paralysed by a hornet for 1 turns
  8718 | D:9      | Paralysed by a hornet for 3 turns
  9235 | D:10     | Entered Level 10 of the Dungeon
  9285 | D:9      | Noticed a two-headed ogre
  9291 | D:9      | Killed a two-headed ogre
  9701 | D:10     | Reached skill level 10 in Fighting
 10118 | D:10     | Reached XP level 11. HP: 43/100 MP: 10/10
 10802 | D:10     | Found a transporter.
 10826 | D:10     | Found a staircase to the Lair.
 10925 | D:10     | Found a transporter.
 10927 | D:10     | Identified the +8 battleaxe "Siysawui" {vamp, *Slow MR++
                  | SInv}
 10927 | D:10     | Noticed a tengu warrior
 10927 | D:10     | Noticed Jatjacob's ghost (journeyman MiBe)
 10930 | D:10     | Found a bloodstained altar of Trog.
 10937 | D:10     | Identified the +4 ring mail of Kuageute {rElec Str+7}
 11096 | D:10     | Identified the cursed +1 great sword of the Moon
                  | {antimagic, rN+}
 11244 | D:11     | Reached skill level 15 in Axes
 11343 | D:11     | Noticed a two-headed ogre
 11349 | D:11     | Killed a two-headed ogre
 11427 | D:11     | You fall into a shaft and drop 1 floor!
 11521 | D:11     | Received a gift from Trog
 11527 | D:11     | Killed an unseen horror
 11639 | D:11     | Noticed a two-headed ogre
 11647 | D:11     | Killed a two-headed ogre
 11962 | D:11     | Noticed Erica
 11971 | D:11     | Killed Erica
 12557 | D:11     | Noticed Nergalle
 12567 | D:11     | Killed Nergalle
 12714 | D:11     | Noticed a red ugly thing
 12737 | D:11     | Killed a red ugly thing
 12737 | D:11     | Reached XP level 12. HP: 73/113 MP: 3/11
 13514 | Lair:1   | Entered Level 1 of the Lair of Beasts
 14477 | Lair:1   | Noticed a four-headed hydra
 14488 | Lair:1   | Killed a two-headed hydra
 14764 | Lair:1   | Reached skill level 10 in Armour
 15996 | Lair:2   | Received a gift from Trog
 16602 | Lair:3   | Noticed a six-headed hydra
 16631 | Lair:3   | Killed a two-headed hydra
 17163 | Lair:3   | Noticed Sonja
 17171 | Lair:3   | Killed Sonja
 17171 | Lair:3   | Reached XP level 13. HP: 106/125 MP: 4/12
 17952 | Lair:3   | Noticed Snorg
 17962 | Lair:3   | Killed Snorg
 18035 | Lair:3   | Noticed Fannar
 18053 | Lair:3   | Killed Fannar
 18100 | Lair:3   | You fall into a shaft and drop 1 floor!
 18406 | Lair:3   | Found a staircase to the Swamp.
 18688 | Lair:4   | Reached skill level 15 in Fighting
 19202 | Lair:4   | Found a hole to the Spider Nest.
 19282 | Lair:4   | You fall into a shaft and drop 2 floors!
 19282 | Lair:6   | Entered Level 6 of the Lair of Beasts
 19552 | Lair:6   | Found a viscous altar of Jiyva.
 21157 | Lair:6   | Found a staircase to the Slime Pits.
 21940 | Lair:6   | Reached XP level 14. HP: 123/137 MP: 4/13
 23373 | D:12     | Found a staircase to the Orcish Mines.
 23456 | D:12     | Paralysed by a floating eye for 2 turns
 23471 | D:12     | Paralysed by a floating eye for 4 turns
 24130 | D:12     | Noticed Psyche
 24135 | D:12     | Killed Psyche
 24340 | Orc:1    | Entered Level 1 of the Orcish Mines
 24344 | Orc:1    | Noticed Harold
 24358 | Orc:1    | Killed Harold
 24472 | Orc:2    | Entered Level 2 of the Orcish Mines
 24617 | Orc:2    | Received a gift from Trog
 25015 | Orc:2    | Found a staircase to the Elven Halls.
 25411 | Orc:2    | Noticed Azrael
 25425 | Orc:2    | Killed Azrael
 25429 | Orc:2    | Found a roughly hewn altar of Beogh.
 25691 | Orc:2    | Paralysed by an orc sorcerer for 6 turns
 25782 | Orc:2    | Found Pinef's Antique Weapon Emporium.
 26097 | Orc:2    | Found Ejupnull's Antique Armour Shop.
 26103 | Orc:2    | Found Ytufamy's Antique Armour Shop.
 26105 | Orc:2    | Found Meg Ytupe's Antique Weapon Emporium.
 26181 | Orc:2    | Bought a pair of runed gloves for 277 gold pieces
 26200 | Orc:2    | Bought a runed plate armour for 806 gold pieces
 26465 | Swamp:1  | Entered Level 1 of the Swamp
 26944 | Swamp:1  | Noticed Louise
 26956 | Swamp:1  | Killed Louise
 27539 | Swamp:2  | Found a frozen archway.
 27553 | IceCv    | Entered an ice cave
 27678 | IceCv    | Reached XP level 15. HP: 126/149 MP: 14/14
 28007 | IceCv    | Received a gift from Trog
 28214 | IceCv    | Noticed an Ice Fiend
 28549 | IceCv    | Killed an Ice Fiend
 30320 | Swamp:3  | Noticed a thorn hunter
 30333 | Swamp:3  | Killed a thorn hunter
 30758 | Swamp:3  | Noticed a thorn hunter
 30767 | Swamp:3  | Killed a thorn hunter
 30767 | Swamp:3  | Received a gift from Trog
 31297 | Swamp:4  | Entered Level 4 of the Swamp
 31779 | Swamp:4  | Noticed a thorn hunter
 31904 | Swamp:4  | Killed a thorn hunter
 32267 | Swamp:4  | Reached XP level 16. HP: 31/162 MP: 15/15
 32337 | Swamp:4  | Reached skill level 15 in Armour
 32749 | Swamp:4  | Got a decaying rune of Zot
 33065 | Swamp:4  | Noticed a thorn hunter
 33077 | Swamp:4  | Killed a thorn hunter
 33306 | D:10     | Killed Jatjacob's ghost
 34357 | D:14     | Noticed Roxanne
 34464 | D:14     | Found a gate to the Vaults.
 34521 | D:13     | Received a gift from Trog
 34769 | D:14     | Noticed Josephine
 34784 | D:14     | Killed Josephine
 34913 | D:14     | Reached ****** piety under Trog
 35199 | D:14     | Found Pohuemuf's Weapon Emporium.
 35204 | D:14     | Received a gift from Trog
 35514 | D:14     | Found Suydghomp's Magic Scroll Emporium.
 35520 | D:14     | Bought a scroll of identify for 28 gold pieces
 35520 | D:14     | Bought a scroll of fog for 28 gold pieces
 35520 | D:14     | Bought a scroll of magic mapping for 49 gold pieces
 35520 | D:14     | Bought a scroll of identify for 28 gold pieces
 35520 | D:14     | Bought a scroll of blinking for 105 gold pieces
 35520 | D:14     | Bought a scroll of identify for 28 gold pieces
 35520 | D:14     | Bought a scroll of identify for 28 gold pieces
 35520 | D:14     | Bought a scroll of identify for 28 gold pieces
 35899 | D:14     | Killed Roxanne
 36040 | D:15     | Entered Level 15 of the Dungeon
 36051 | D:15     | Found a bloodstained altar of Trog.
 36182 | D:15     | Received a gift from Trog
 36245 | D:15     | Found a blossoming altar of Fedhas.
 36530 | D:15     | Paralysed by a floating eye for 2 turns
 36533 | D:15     | Reached XP level 17. HP: 160/173 MP: 16/16
 36538 | D:15     | Paralysed by a floating eye for 2 turns
 36792 | D:15     | Got a sparkling turquoise ring
 36793 | D:15     | Identified the ring "Kurekaica" {Ice *Drain MR+ Int+4} (You
                  | found it on level 15 of the Dungeon)
 36937 | D:15     | Found a staircase to the Depths.
 37101 | D:15     | Found an ornate altar of the Wu Jian Council.
 37138 | D:15     | Identified the ring of Dishonesty {rN+ MR+}
 37261 | D:15     | Identified the ring "Soudok" {rF+ MR+}
 37276 | D:15     | Received a gift from Trog
 37674 | Orc:2    | Bought a transparent cloak for 351 gold pieces
 37674 | Orc:2    | Identified the +0 cloak of the Doge {+Fly Str-3 Slay+5}
                  | (You bought it in a shop on level 2 of the Orcish Mines)
 37772 | Vaults:1 | Entered Level 1 of the Vaults
 38906 | Vaults:1 | Noticed a lich
 39217 | Vaults:1 | Received a gift from Trog
 40218 | Vaults:2 | Reached XP level 18. HP: 168/185 MP: 17/17
 40232 | Vaults:2 | Found a staircase to the Crypt.
 40442 | Vaults:2 | Received a gift from Trog
 42001 | Vaults:3 | Received a gift from Trog
 42176 | Vaults:3 | Found Reklucs's Assorted Antiques.
 42227 | Vaults:3 | Bought a scroll of teleportation for 102 gold pieces
 42227 | Vaults:3 | Bought a scroll of magic mapping for 119 gold pieces
 42227 | Vaults:3 | Bought a scroll of blinking for 255 gold pieces
 43152 | Vaults:3 | Received a gift from Trog
 43393 | Vaults:3 | Reached XP level 19. HP: 198/198 MP: 18/18
 43844 | Vaults:4 | Noticed a Tzitzimitl
 43898 | Vaults:4 | Found Xef Xugg's Assorted Antiques.
 43921 | Vaults:4 | Bought a scroll of summoning for 237 gold pieces
 43921 | Vaults:4 | Bought a potion of curing for 75 gold pieces
 44193 | Vaults:4 | Noticed Xtahua
 44244 | Vaults:4 | Killed Xtahua
 44781 | Vaults:4 | Received a gift from Trog
 45935 | Spider:1 | Entered Level 1 of the Spider Nest
 46483 | Spider:2 | Noticed Arachne
 46485 | Spider:2 | Noticed Asterion
 46500 | Spider:2 | Killed Asterion
 46531 | Spider:2 | Killed Arachne
 46809 | Spider:2 | Noticed Aizul
 46819 | Spider:2 | Received a gift from Trog
 46827 | Spider:2 | Killed Aizul
 47746 | Spider:3 | Reached XP level 20. HP: 192/209 MP: 19/19
 48152 | Spider:3 | Noticed Bai Suzhen
 48189 | Spider:3 | Killed Bai Suzhen
 48521 | Spider:4 | Entered Level 4 of the Spider Nest
 48521 | Spider:4 | Found a runed translucent gate.
 48521 | Spider:4 | Found a runed translucent gate.
 48521 | Spider:4 | Found a runed translucent gate.
 48522 | Spider:4 | Noticed Agnes
 48543 | Spider:4 | Noticed Detar's ghost (adept HOFi)
 48599 | Spider:4 | Received a gift from Trog
 48740 | Spider:4 | Killed Agnes
 49381 | Spider:4 | Received a gift from Trog
 49609 | Spider:4 | Paralysed by a hornet for 2 turns
 50263 | Spider:4 | Got a gossamer rune of Zot
 50446 | Spider:4 | Killed Detar's ghost
 50488 | Spider:4 | Got a flickering copper ring
 50490 | Spider:4 | Identified the ring "Ajop" {rElec rCorr Int+3} (You found
                  | it on level 4 of the Spider Nest)
 50806 | Depths:1 | Entered Level 1 of the Depths
 51874 | Depths:1 | Received a gift from Trog
 51958 | Depths:1 | Found Ohemm's Food Emporium.
 52070 | Depths:1 | Reached XP level 21. HP: 220/220 MP: 20/20
 52241 | Depths:1 | Found Hiebacikh's Gadget Emporium.
 52249 | Depths:1 | Found Korioloh's Jewellery Boutique.
 52250 | Depths:1 | Found Welobb's Gadget Emporium.
 52257 | Depths:1 | Bought the amulet "Wazousk" {Regen+ Int+3 Dex+4} for 982
                  | gold pieces
 52292 | Depths:1 | Found a gateway to Hell.
 52571 | Depths:1 | Received a gift from Trog
 52968 | Depths:2 | Noticed Nikola
 52968 | Depths:2 | Noticed Saint Roka
 53699 | Depths:2 | Noticed a juggernaut
 53716 | Depths:2 | Killed a juggernaut
 53773 | Depths:2 | Killed Saint Roka
 53781 | Depths:1 | Received a gift from Trog
 54114 | Depths:2 | Noticed a juggernaut
 54121 | Depths:2 | Killed a juggernaut
 54497 | Depths:2 | Killed Nikola
 55437 | Depths:3 | Noticed a juggernaut
 55452 | Depths:3 | Reached XP level 22. HP: 187/232 MP: 21/21
 55453 | Depths:3 | Killed a juggernaut
 55535 | Depths:3 | Received a gift from Trog
 55546 | Depths:3 | Reached skill level 27 in Axes
 55552 | Depths:3 | Reached skill level 27 in Fighting
 56229 | Depths:3 | Found a one-way gate leading to the halls of Pandemonium.
 56358 | Depths:3 | Found a gateway to a ziggurat.
 56796 | Depths:3 | Received a gift from Trog
 56854 | Depths:3 | Found a snail-covered altar of Cheibriados.
 57264 | Depths:4 | Found a one-way gate to the infinite horrors of the Abyss.
 57370 | Depths:4 | Paralysed by a floating eye for 4 turns
 57634 | Depths:4 | Found a magical portal.
 57725 | WizLab   | Received a gift from Trog
 58025 | WizLab   | Got a warped turquoise ring
 58027 | WizLab   | Identified the ring "Luida" {Wiz rN+ Dex+4 Slay-3} (You
                  | found it in a wizard's laboratory)
 58050 | WizLab   | Reached XP level 23. HP: 205/240 MP: 22/22
 58101 | WizLab   | Found a transporter.
 58377 | WizLab   | Found a transporter.
 58887 | WizLab   | Got a translucent mace
 58888 | WizLab   | Identified the +7 mace "Azeser Fint" {freeze, rPois rF+}
                  | (You found it in a wizard's laboratory)
 59125 | Depths:4 | Received a gift from Trog
 59224 | Depths:4 | Found a burning altar of Makhleb.
 59243 | Depths:4 | Identified the Grimoire of Enchantment
 59244 | Depths:4 | Identified Ichi Vaxush's Incunabulum of Attacks and Black
                  | Rites
 59380 | Depths:4 | Found a runed translucent door.
 59387 | Depths:4 | Found a runed translucent door.
 59655 | Depths:5 | Entered Level 5 of the Depths
 59971 | Depths:5 | Received a gift from Trog
 60591 | Depths:5 | Found a gate to the Realm of Zot.
 61136 | Vaults:5 | Entered Level 5 of the Vaults
 61177 | Vaults:4 | Received a gift from Trog
 61216 | Vaults:5 | Reached XP level 24. HP: 249/249 MP: 22/22
 61354 | Vaults:5 | Reached skill level 27 in Armour
 61401 | Vaults:5 | Reached skill level 1 in Stealth
 61489 | Vaults:5 | Identified the ring of Olitt {MP+9 Str+6 Slay+3} (You found
                  | it on level 5 of the Vaults)
 61667 | Vaults:5 | Found the +1 cloak of Starlight {rElec rC+ EV+4 Stlth--}
 61828 | Vaults:5 | Identified a scroll of acquirement
 61942 | Vaults:5 | Reached skill level 10 in Dodging
 62022 | Vaults:5 | Received a gift from Trog
 62022 | Vaults:5 | Reached skill level 5 in Stealth
 62141 | Vaults:5 | Identified the cursed +1 battleaxe of Lyduubb {venom, rF+
                  | rN++}
 62141 | Vaults:5 | Identified the ring "Yptohysk" {*Tele Str+3}
 62336 | Vaults:5 | Identified the cursed +0 pair of boots "Cam Booxa" {Str+8
                  | Stlth+} (You found it on level 5 of the Vaults)
 62373 | Vaults:5 | Got a silver rune of Zot
 62530 | Vaults:5 | Received a gift from Trog
 63058 | Depths:1 | Bought a wand of digging (1) for 180 gold pieces
 63198 | Orc:2    | Bought a faintly glowing crystal plate armour for 3145 gold
                  | pieces
 63198 | Orc:2    | Identified the cursed +0 crystal plate armour of the
                  | Foremost Demons {rC+ Str+3 Dex-2 SInv} (You bought it in a
                  | shop on level 2 of the Orcish Mines)
 63430 | Zot:1    | Entered Level 1 of the Realm of Zot
 64380 | Zot:2    | Reached XP level 25. HP: 174/257 MP: 22/22
 64679 | Zot:2    | Noticed an orb of fire
 64698 | Zot:2    | Killed an orb of fire
 65158 | Zot:2    | Received a gift from Trog
 65204 | Zot:2    | Found a glowing golden altar of the Shining One.
 65500 | Zot:2    | Reached skill level 15 in Dodging
 67122 | Zot:4    | Reached skill level 10 in Stealth
 68008 | Zot:5    | Entered Level 5 of the Realm of Zot
 68087 | Zot:5    | Reached XP level 26. HP: 266/266 MP: 1/22
 68223 | Zot:5    | Noticed an ancient lich
 68227 | Zot:5    | Noticed an orb of fire
 68370 | Zot:5    | Noticed an ancient lich
 68377 | Zot:5    | Killed an ancient lich
 68392 | Zot:5    | Noticed an orb of fire
 68393 | Zot:5    | Noticed an ancient lich
 68394 | Zot:5    | Noticed an orb of fire
 68395 | Zot:5    | Noticed an orb of fire
 68396 | Zot:5    | Noticed an ancient lich
 68407 | Zot:5    | Gained mutation: Your body sometimes deteriorates upon
                  | taking damage. [an orb of fire]
 68407 | Zot:5    | Gained mutation: You are clumsy. (Dex -2) [an orb of fire]
 68408 | Zot:5    | Gained mutation: You are dopey. (Int -2) [an orb of fire]
 68429 | Zot:5    | Mangled by an Orb Guardian

Levels and vault maps discovered:
D:1:      dpeg_arrival_arbitrary_a, layout_basic
D:2:      layout_loops_corners, cheibriados_altar_1, first_ration,
          serial_undead, serial_undead_d, serial_undead_f, serial_undead_f,
          serial_undead_e, uniq_jessica
D:3:      layout_basic, minitemple, grunt_gozag_breadcrumbs
D:4:      layout_rooms
D:5:      layout_rooms, gammafunk_temple_overflow_wave,
          minmay_temple_entry_statues_pillars,
          nicolae_ossuary_entry_false_entrances, kennysheep_minor_cross,
          kennysheep_generic_room_9, uniq_eustachio, uniq_prince_ribbit1
D:6:      layout_rooms
D:7:      layout_rooms, overflow_temple_1_default, serial_shops,
          nicolae_shop_behind_doors
D:8:      layout_loops_cross, uniq_gastronok
D:9:      layout_basic, hangedman_pestilent_swarm
D:10:     wad_pebble_path, layout_cave_pools, gammafunk_ghost_wrathful_warriors
D:11:     layout_loops_corners, minivault_23, uniq_nergalle, uniq_erica
D:12:     layout_loops_ring, david_orc_3, minmay_misc_feat_room,
          chequers_serial_rivers_micro_c, onia_ninara_cookie, uniq_psyche
D:13:     layout_basic
D:14:     layout_long_grid, lightli_vaults_fourway_checkpoint, serial_shops,
          shop_fountains, shop, uniq_josephine, uniq_roxanne
D:15:     hangedman_spin_cycle, uniq_nessos
Lair:1:   layout_small_grid, grunt_forest_large_clearings, serial_bayou_shore_b
Lair:2:   layout_cave_pods, fungi_pond_lemuel
Lair:3:   layout_loops_ring, minmay_swamp_entry_reptiles, uniq_fannar,
          uniq_sonja, uniq_snorg
Lair:4:   layout_small_grid, spider_nest_entry_web_field
Lair:5:   layout_long_grid, st_stairs_4
Lair:6:   hangedman_lair_in_review, layout_concentric_octagons, slime_altar_1,
          serial_bayou_crossing
Swamp:1:  layout_basic_swamp, infiniplex_staircase_pool, uniq_louise
Swamp:2:  layout_basic_swamp, portal_ice_cave_entry_pillars_three,
          evilmike_swamp_ruin_rubble_2
Swamp:3:  layout_falls_marsh, evilmike_swamp_ruin_house_2
Swamp:4:  swamp, layout_basic_swamp
Spider:1: layout_spider_delve
Spider:2: layout_spider_delve, nicolae_spider_ant_collections, uniq_asterion,
          uniq_aizul, uniq_arachne
Spider:3: layout_spider_delve, uniq_bai_suzhen
Spider:4: guppyfry_spider_rune, gammafunk_ghost_split, nicolae_spider_shape,
          uniq_agnes
Orc:1:    layout_caves, uniq_harold
Orc:2:    st_orc_elflike, layout_caves, lemuel_statue_altar, uniq_azrael
Vaults:1: ontoclasm_vaults_ring_large, v_misc_18, nicolae_vaults_network_square,
          nicolae_vaults_alarming, grunt_vaults_diagonal, v_misc_33,
          ontoclasm_vaults_decontamination, vaults_mumra_hex,
          vaults_room_semicircle, nicolae_vaults_rhombus_7, vaults_room_corners,
          nicolae_vaults_specimen_jars, nicolae_vaults_ring_of_whatevers,
          layout_vaults_omnibox
Vaults:2: ontoclasm_vaults_ring_small, minmay_crypt_entry_simple_walls,
          vaults_mumra_chevron, vaults_dpeg_doors, v_misc_17, v_rooms_3,
          v_rooms_2, ontoclasm_vaults_idyll, nicolae_vaults_little_squares_5,
          vaults_room_fancy_cross, layout_vaults_maze_bifur
Vaults:3: hangedman_vaults_stretched_pinwheel, v_misc_16, ontoclasm_vaults_chip,
          ontoclasm_vaults_shout, vaults_room_stairs_pillars,
          nicolae_vaults_rhombus_6, layout_vaults_omnigrid, serial_shops,
          nicolae_shop_overgrown_old_shop
Vaults:4: grunt_vaults_swirl, v_misc_30, nicolae_vaults_network_periphery,
          vaults_standard_mumra_x, hangedman_vaults_stretched_pinwheel,
          nicolae_vaults_stairing_the_circle, nicolae_vaults_little_squares_4,
          nicolae_vaults_shelves_hall, vaults_room_corners,
          layout_vaults_chaotic_city, serial_shops, nicolae_shop_waterfront,
          uniq_xtahua, uniq_jory
Vaults:5
Depths:1: lemuel_castle_with_subvaults [lemuel_castle_interior_carwin_2],
          layout_cave_pools, serial_shops, shop, grunt_hell_entry_dis_old,
          hex_medium, minmay_crystal_room, kennysheep_generic_room_12,
          minmay_shop_grove
Depths:2: cheibrodos_salmonella, layout_cave_pools, hell_entry,
          minmay_staircase_bubble, hangedman_decor_clover_reticule,
          serial_bayou_shore_b, uniq_nikola, uniq_saint_roka
Depths:3: pf_snail_temple, layout_basic, enter_ziggurat_e, pan_entry, hell_entry
Depths:4: evilmike_makhleb_hellhole, layout_cave_pools, mu_enter_wizlab_3,
          hangedman_abyss_entry_splay, minmay_splitting_lines, hell_entry,
          infiniplex_staircase_split_hallway
Depths:5: evilmike_zot_entry_round, layout_cave_pools, minivault_11, hell_entry
Zot:1:    layout_basic
Zot:2:    layout_basic, basic_altar
Zot:3:    layout_basic
Zot:4:    layout_basic, grunt_ministairs_7
Zot:5:    layout_basic

Skill      XL: |  1  2  3  4  5  6  7  8  9 10 11 12 13 14 15 16 17 18 19 20 21 22 23 24 25 26 |
---------------+-------------------------------------------------------------------------------+-----
Axes           | 4 5 6 8 9 11 12 13 14 16 17 18 20 21 22 23 24 25 26 27 | 27.0
Shields        | 2 4 |  4.1
Fighting       | 5 8 10 12 14 16 17 20 21 22 23 24 25 26 27 | 27.0
Armour         | 3 5 7 9 10 11 13 14 15 16 17 18 19 20 23 26 27 | 27.0
Dodging        | 3 5 13 17 18 | 18.4
Stealth        | 7 10 11 | 11.4

Action                   |  1- 3 |  4- 6 |  7- 9 | 10-12 | 13-15 | 16-18 | 19-21 | 22-24 | 25-27 || total
-------------------------+-------+-------+-------+-------+-------+-------+-------+-------+-------++-------
Melee: Hand axe          |    81 |   149 |   294 |   133 |       |       |       |       |       ||   657
       Headbutt          |    10 |    31 |    60 |   145 |   285 |   385 |   452 |   480 |   165 ||  2013
       War axe           |       |       |       |   145 |       |       |       |       |       ||   145
       Broad axe         |       |       |       |   371 |   932 |    77 |       |       |       ||  1380
       Scimitar          |       |       |       |     8 |    74 |    61 |     2 |       |       ||   145
       Executioner's axe |       |       |       |       |     3 |       |       |       |       ||     3
       Battleaxe         |       |       |       |       |       |   939 |  1259 |  1307 |   396 ||  3901
Invok: Berserk           |       |     2 |     9 |    11 |    16 |     4 |     9 |     3 |       ||    54
       Trog's Hand       |       |       |     3 |     5 |     7 |     6 |    11 |     7 |     2 ||    41
       Brothers in Arms  |       |       |     1 |       |     5 |     3 |     7 |     6 |     2 ||    24
Evoke: Wand              |       |       |       |     1 |       |     4 |       |       |     4 ||     9
  Use: Scroll            |     1 |     1 |     9 |     2 |    21 |    10 |     4 |    21 |     8 ||    77
       Potion            |       |       |       |     2 |     4 |     1 |       |     2 |     9 ||    18
 Stab: Paralysed         |       |       |       |     2 |       |       |       |       |       ||     2
       Invisible         |       |       |       |       |       |     8 |       |       |       ||     8
       Distracted        |       |       |       |       |       |     1 |     1 |     2 |     1 ||     5
       Confused          |       |       |       |       |       |       |       |       |     2 ||     2
  Eat: Chunk             |     1 |     8 |    10 |    21 |    32 |    30 |    37 |    29 |     4 ||   172
       Ration            |       |       |     3 |     7 |    10 |     4 |     5 |     3 |     2 ||    34
Armor: Animal skin       |     7 |       |       |       |       |       |       |       |       ||     7
       Ring mail         |    31 |    56 |    59 |   102 |       |       |       |       |       ||   248
       Scale mail        |       |       |       |    71 |   202 |       |       |       |       ||   273
       Plate armour      |       |       |       |       |   288 |   747 |  1473 |   426 |       ||  2934
       Gold dragon scale |       |       |       |       |       |       |       |   411 |   261 ||   672
Dodge: Dodged            |    65 |    85 |   123 |   294 |   578 |   550 |   994 |   565 |   296 ||  3550
Block: Buckler           |       |       |    31 |   140 |   172 |     4 |       |       |       ||   347
       Rpst.: Scimitar   |       |       |       |     1 |    10 |     5 |       |       |       ||    16
